AoeStats
← Navix de los Bosques de Lituania

Arabia

509016344Analyzed
2v2 RM · 5d ago on Sep 25, 2026· 54m 59s· 4 players
Game mode
Random Map
Map size
Medium (4 player)
Population
200
Speed
Normal
Resources
Standard
Victory
Conquest
Starting age
Dark Age
Ending age
Imperial Age
RankedLock teamsTeams togetherTeam positionsShared explorationLock speedFull tech treeHidden civsTurbo modeCheats
Victory
Defeat
🇨🇴 Slavs · Colombia
788
+11
778
+12
🇦🇷 Romans · Argentina
722
-13
🇦🇷 Muisca · Argentina
648
-10
Imparabl3
1:12 Loom
12:39 Feudal Age
14:10 Wheelbarrow
13:22 Town Watch
13:25 Double-Bit Axe
13:25 Horse Collar
23:06 Gold Mining
23:07 Stone Mining
28:48 Castle Age
27:22 Champi Runner
29:06 Forging
28:57 Scale Mail Armor
28:48 Fletching
28:59 Padded Archer Armor
28:53 Stone Mining
29:40 Town Patrol
38:12 Hand Cart
38:22 Bow Saw
38:22 Heavy Plow
38:20 Gold Mining
43:12 Chain Mail Armor
46:22 Hand Cart
P4VO 5656
11:36 Feudal Age
12:59 Feudal Age
15:21 Man-at-Arms
21:31 Scale Mail Armor
26:24 Loom
30:13 Castle Age
29:27 Forging
32:10 Chain Mail Armor
32:31 Long Swordsman
36:42 Squires
47:19 Imperial Age
47:53 Pikeman
52:49 Legionary
Navix de los Bosques de Lituania
3:34 Loom
12:05 Feudal Age
12:06 Man-at-Arms
12:32 Arson
13:52 Double-Bit Axe
14:32 Forging
14:22 Scale Mail Armor
14:49 Long Swordsman
17:38 Gold Mining
19:11 Wheelbarrow
18:23 Horse Collar
20:39 Stone Mining
25:14 Castle Age
26:17 Hand Cart
26:17 Bow Saw
26:42 Gold Shaft Mining
26:22 Heavy Plow
27:43 Chain Mail Armor
30:08 Two-Handed Swordsman
30:46 Gambesons
31:01 Squires
31:42 Iron Casting
38:46 Imperial Age
36:35 Masonry
36:49 Ballistics
40:02 Onager
41:30 Plate Mail Armor
42:00 Blast Furnace
43:03 Chemistry
45:19 Champion
46:30 Sappers
50:01 Conscription
Derzer
8:29 Loom
10:15 Feudal Age
13:03 Man-at-Arms
15:10 Horse Collar
16:42 Double-Bit Axe
21:21 Loom
26:40 Wheelbarrow
31:36 Castle Age
33:52 Padded Archer Armor
33:21 Crossbowman
34:59 Leather Archer Armor
35:16 Crossbowman
36:30 Town Watch
36:59 Gold Mining
37:02 Stone Mining
37:35 Bow Saw
37:28 Heavy Plow
42:38 Hand Cart
42:29 Husbandry
47:06 Bloodlines
51:50 Detinets
Connection lost

Rejoining the realm…

Still unreachable

The connection could not be restored.

Session expired

The server has moved on; the page needs a fresh start.